 Dungeon Crawl Stone Soup version 0.30-a0-870-gc5d4c5acee (webtiles) character file.

Game seed: 265737769704866893

32 cforsyth the Trooper (level 3, -2/30 HPs)
             Began as a Barachi Fighter on Mar 12, 2023.
             Slain by Sigmund
             ... wielding a +0 scythe
              (7 damage)
             ... on level 2 of the Dungeon.
             The game lasted 00:02:13 (864 turns).

cforsyth the Trooper (Barachi Fighter)               Turns: 864, Time: 00:02:13

Health: -2/30      AC:  9    Str: 17    XL:     3   Next: 27%
Magic:  3/3        EV:  9    Int:  8    God:
Gold:   47         SH:  5    Dex: 13    Spells: 2/2 levels left

rFire   . . .      SeeInvis .    a - +0 long sword
rCold   . . .      Faith    .    c - +0 buckler
rNeg    . . .      Spirit   .    b - +0 scale mail
rPois   .          Reflect  .    (no helmet)
rElec   .          Rampage  .    (no cloak)
rCorr   .                        k - +1 pair of gloves
Will    .....                    (no boots) Stlth
                                 (no amulet)
HPRegen 0.25/turn                (no ring)
MPRegen 0.08/turn                (no ring)

@: slow
A: amphibious, slowness 1, strong legs 1, +LOS
a: Hop


You were on level 2 of the Dungeon.
You visited 1 branch of the dungeon, and saw 2 of its levels.

You collected 47 gold pieces.

Inventory:

Hand Weapons
 a - a +0 long sword (weapon)
Armour
 b - a +0 scale mail (worn)
 c - a +0 buckler (worn)
 k - a +1 pair of gloves (worn)
Scrolls
 g - a scroll of identify {unknown}
 h - a scroll of teleportation {unknown}
Potions
 d - a potion of might
 e - a potion of flight {unknown}
 f - a potion of magic
 i - a potion of attraction {unknown}
 j - a potion of haste {unknown}


   Skills:
 + Level 4.1 Fighting
 + Level 3.0 Long Blades
 + Level 4.0 Armour
 + Level 3.7 Shields


You had 2 spell levels left.
You didn't know any spells.
Your spell library was empty.

Dungeon Overview and Level Annotations

Branches:
Dungeon (2/15)

Altars:

Annotations:
D:2 Sigmund


Innate Abilities, Weirdness & Mutations

You are amphibious.
You cover ground slowly.
You can hop short distances.
You have an extended range of vision and can be seen from far away.


Message History

The hobgoblin hits you but does no damage.
The hobgoblin attacks as you move away! The hobgoblin hits you.
The hobgoblin attacks as you move away! The hobgoblin hits you.
The hobgoblin attacks as you move away! The hobgoblin misses you.
The hobgoblin closely misses you. The hobgoblin attacks as you move away!
The hobgoblin hits you but does no damage.
Things that are here:
a +0 club; a stone You block the hobgoblin's attack.
Something hits you! The hobgoblin attacks as you move away!
The hobgoblin hits you but does no damage.
The hobgoblin hits you. The hobgoblin attacks as you move away!
The hobgoblin hits you.
Found 7 gold pieces.
The hobgoblin attacks as you move away! You block the hobgoblin's attack.
You slash the hobgoblin!
You kill the hobgoblin!
You hear some strange, mumbled words.
Something tries to affect you, but you resist.
You hear some strange, mumbled words.
You are confused.
Something hits you but does no damage.
You hit something but do no damage.
You hear some strange, mumbled words.
A puff of flame appears from out of thin air!
The puff of flame hits you. Something completely misses you.
You hear some strange, mumbled words.
A magic dart appears from out of thin air!
The magic dart hits you but does no damage.
You barely miss something.
You feel less confused.
You hear some strange, mumbled words.
A puff of flame appears from out of thin air!
The puff of flame misses you.
You barely miss something. Something hits you!
* * * LOW HITPOINT WARNING * * *
It was a potion of magic.
Magic courses through your body. Something hits you!
You die...

#.###...##
#............# #.#
##.##
########.###.# #.#
#.# #.# #.# #.#
#.# ## ##.###.#
###.####.#####.###
#......#
.................#
#..#####
........{#.#.##..#
#..# ....#####...#
#$.# #..# #.#.#
#)## #.@######.)#
##.[#####..##
#..{.......#
...(........#
#.#######.##
####..†....## #.
#...#### #..######
#. #......# #.#.#
.. #...##.# #.##.#
## ######.# #.#
#.# #.# #.# ## #.#


There were no monsters in sight!

Vanquished Creatures
  7 ball pythons (D:1)
  5 endoplasms (D:1)
  2 giant cockroaches
  3 goblins
  2 hobgoblins
  4 kobolds
  A quokka (D:2)
  A bat (D:1)
  3 rats (D:1)
28 creatures vanquished.

Notes
Turn   | Place    | Note
-------+----------+-------------------------------------------
     0 | D:1      | cforsyth the Barachi Fighter began the quest for the Orb.
     0 | D:1      | Reached XP level 1. HP: 18/18 MP: 1/1
   203 | D:1      | Reached XP level 2. HP: 25/25 MP: 2/2
   463 | D:1      | Found a faded altar of an unknown god.
   546 | D:1      | Reached XP level 3. HP: 29/30 MP: 3/3
   800 | D:2      | Noticed Sigmund
   864 | D:2      | Slain by Sigmund

Illustrated notes

Levels and vault maps discovered:
D:1:      dpeg_arrival_radiant, layout_rooms, ebering_ecumenical_altar_rust
D:2:      layout_loops_ring, uniq_sigmund

Skill      XL: |  1  2  3 |
---------------+----------+-----
Fighting       | 4 |  4.1
Armour         | 4 |  4.0
Long Blades    | 3 |  3.0
Shields        | |  3.7

Action                     || total
---------------------------++-------
  Melee: Long sword        ||    88
    Use: Potion            ||     1
 Armour: Scale mail        ||    60
  Dodge: Dodged            ||    53
  Block: Buckler           ||    25

Table legend: (Time is in decaauts)
 A = Elapsed time spent in this place.
 B = Non-inter-level travel time spent in this place.
 C = Inter-level travel time spent in this place.
 D = Time resting spent in this place.
 E = Time spent auto-exploring this place.
 F = Levels seen in this place.
 G = Mean time per level.
                   A        B        C        D        E       F      G
               +--------+--------+--------+--------+--------+-----+--------+
         Total |   1017 |    984 |     33 |      0 |    705 |   2 |  508.5 |
       Dungeon |   1017 |    984 |     33 |      0 |    705 |   2 |  508.5 |
               +--------+--------+--------+--------+--------+-----+--------+

Top non-repeatable levels by time:
     D:1: 684 daAuts
     D:2: 332 daAuts
